 Dungeon Crawl Stone Soup version 0.17-a0-1078-g243345b (webtiles) character file.

215758 tesudzi the Warrior (level 18, -15/155 HPs)
             Began as a Demonspawn Gladiator on May 18, 2015.
             Was the Champion of Trog.
             Demolished by an Ice Fiend (18 damage)
             ... summoned by a lich
             ... on level 1 of the Abyss on May 19, 2015.
             The game lasted 02:53:37 (30040 turns).

tesudzi the Warrior (Demonspawn Gladiator)         Turns: 30040, Time: 02:53:50

Health: -15/155    AC: 30    Str: 21      XL:     18   Next: 34%
Magic:  0/8        EV: 19    Int:  6 (9)  God:    Trog [******]
Gold:   2198       SH:  0    Dex: 21      Spells: 0 memorised, 17 levels left

rFire  + . .     SeeInvis .     Q - +5 lajatang (antimagic)
rCold  . . .     Clarity  .     L - +2 plate armour {rF+}
rNeg   . . .     SustAb   .     (no shield)
rPois  .         Gourm    .     (helmet unavailable)
rElec  .         Spirit   +     c - +1 cloak {MR+}
rCorr  .         Warding  .     M - +1 pair of gloves
rMut   .         Stasis   .     s - +1 pair of boots
MR     ++++.                    (no amulet)
Stlth  ..........               J - +4 ring of evasion
                                o - +6 ring of strength

@: lethally poisoned (-15 -> -16), regenerating, glowing, incredibly resistant
to hostile enchantments, extremely unstealthy
A: horns 3, iridescent scales 2, deterioration 1, powered by death 2, spit
poison 1, weak 1, augmentation 2, magic shield, magic regeneration, magic link,
MP-powered wands
a: Spit Poison, Burn Spellbooks, Berserk, Trog's Hand, Brothers in Arms,
Renounce Religion
}: 1/15 runes: barnacled


You were on level 1 of the Abyss.
You worshipped Trog.
Trog was exalted by your worship.
You were not hungry.

You visited 6 branches of the dungeon, and saw 33 of its levels.
You visited the Abyss 1 time.
You also visited: Ice Cave and Volcano.

You collected 3728 gold pieces.
You spent 1530 gold pieces at shops.

Inventory:

Hand weapons
 d - a +1 antimagic quarterstaff
 e - the +6 quarterstaff of Eternal Night {drain, rElec rC+}
   (Trog gifted it to you on level 3 of the Shoals)

   A truly terrible weapon, it drains the life of those it strikes.
   It protects you from cold.
   It insulates you from electricity.
 w - a +4 vampiric lajatang
 Q - a +5 antimagic lajatang (weapon)
 R - a +3 antimagic quarterstaff
 Z - a +5 quarterstaff of distortion
Missiles
 m - 25 tomahawks of returning
 n - 4 throwing nets
 p - 23 javelins of returning (quivered)
 r - 5 poisoned tomahawks
Armour
 c - a +1 cloak of magic resistance (worn)
 s - a +1 pair of boots (worn)
 y - the +1 ring mail "Teku" {Dex+4 SInv}
   (You bought it in a shop on level 4 of the Orcish Mines)

   It affects your dexterity (+4).
   It lets you see invisible.
 L - a +2 plate armour of fire resistance (worn)
 M - a +1 pair of gloves (worn)
Rods
 b - a +0 rod of the swarm (14/14)
   (You found it on level 12 of the Dungeon)
 t - a +5 rod of shadows (12/12)
   (You found it on level 4 of the Shoals)
 v - a +4 rod of inaccuracy (12/12)
   (You found it on level 4 of the Shoals)
 C - a +0 rod of clouds (10/10)
   (You found it on level 11 of the Dungeon)
Jewellery
 k - an uncursed ring of protection from fire
 o - a +6 ring of strength (left hand)
 q - an uncursed ring of poison resistance
 z - an uncursed ring of protection from magic
 B - an uncursed ring of protection from cold
 J - a +4 ring of evasion (right hand)
 O - an uncursed ring of protection from fire
 S - an uncursed ring of protection from fire
Magical devices
 D - a wand of heal wounds (0)
 G - a wand of digging (14)
 I - a wand of disintegration (11)
 W - a wand of paralysis (11)
Scrolls
 f - 10 scrolls of remove curse
 g - 4 scrolls of blinking
 j - 3 scrolls of fear
 N - 11 scrolls of teleportation
 V - a scroll of recharging
Potions
 h - 4 potions of invisibility
 i - 8 potions of curing
 l - 6 potions of haste
 u - 3 potions of resistance
 x - 4 potions of might
 A - 2 potions of flight
 F - a potion of ambrosia
 P - 2 potions of magic
 U - 3 potions of agility
 X - a potion of berserk rage
Miscellaneous
 E - a lamp of fire
 K - a legendary deck of war {drawn: 4}
 T - a stone of tremors
Comestibles
 a - 2 meat rations
 H - 2 bread rations


   Skills:
 + Level 17.5 Fighting
 - Level 16.0 Staves
 - Level 10.1 Throwing
 - Level 10.2 Armour
 + Level 13.1 Dodging
 - Level 10.0 Evocations


You had 17 spell levels left.
You didn't know any spells.

Dungeon Overview and Level Annotations

Branches:
Dungeon (13/15)            Temple (1/1) D:7            Lair (8/8) D:10
 Shoals (4/4) Lair:3       Spider (0/4) Lair:3        Slime (0/6) Lair:8
    Orc (4/4) D:11            Elf (0/3) Orc:4        Vaults (3/5) D:13
  Crypt (0/3) Vaults:2

Altars:
Ashenzari
Cheibriados
Dithmenos
Elyvilon
Fedhas
Gozag
Kikubaaqudgha
Makhleb
Nemelex Xobeh
Okawaru
Qazlal
Ru
Sif Muna
Trog
Vehumet
Xom
Yredelemnul
Zin
The Shining One
Beogh
Jiyva

Shops:
D:10 [   Orc:3 *   Orc:4 *[(=   Shoals:1 ?   Vaults:2 (

Annotations:
D:2 Terence
Lair:1 exclusion: oklob plant


Innate Abilities, Weirdness & Mutations

You have a pair of large horns on your head.
You are mostly covered in iridescent scales (AC +6).
You can steal the life force of defeated enemies.
Your magical and physical power is enhanced at high health.
When hurt, damage is shared between your health and your magic reserves.
You regenerate magic rapidly.
When low on magic, you restore magic in place of health.
Your body sometimes deteriorates upon taking damage.
You can spit weak poison.
You are weak. (Str -2)
You expend magic power (3 MP) to strengthen your wands.


Message History

You are poisoned.
Unknown command.
You feel sick.
The stone giant skeleton hits you but does no damage.
Your deep troll bites the Ice Fiend!
Your deep troll claws the Ice Fiend.
Your deep troll claws the Ice Fiend.
An ophan comes into view.
Drink which item? (? for menu, Esc to quit)
Okay, then.
Evoke which item? (* to show all) (? for menu, Esc to quit)
Zapping:
D - a wand of heal wounds {zapped: 2} (will waste charges)
Press: ? - help, Shift-Dir - straight line, f - you Nothing appears to happen.
You feel sick. The Ice Fiend claws you.
* * * LOW HITPOINT WARNING * * *
The Ice Fiend freezes you!!
* * * LOW HITPOINT WARNING * * *
The Ice Fiend claws you!
* * * LOW HITPOINT WARNING * * *
The Ice Fiend freezes you!!
You die...

........# ......
....... ......
....... #.... .....#
. ##...###...##...
.#.....#.....#..#
............... #
........Z.......###.
.......@1T.......# .
..#
.#.....#L....#...
... . ##...###...##
..#. . .#
#.....#.....#..#
#...#
...............##
#.## .G.....
........## ...##
....
............#... .#
.#.. ..#.....#.. ..
. . .###...# .
.#.... #


You could see an Ice Fiend, an ophan, a lich, a stone giant skeleton and a
friendly deep troll (berserk).

Vanquished Creatures
  Frederick (Vaults:2)
  A profane servitor (Abyss:1)
  An Executioner (Abyss:1)
  The ghost of Raurakos the Brawler, a mighty VSMo of Makhleb (Vaults:2)
  Kirke (Shoals:4)
  A revenant (Abyss:1)
  A frost giant (IceCv)
  2 orc warlords
  Aizul (Vaults:1)
  3 vault wardens
  A cacodemon (Abyss:1)
  3 rakshasas (Vaults:2)
  3 ironheart preservers
  2 stone giants
  9 merfolk javelineers
  9 merfolk impalers
  2 yaktaur captains
  A great orb of eyes (Vaults:1)
  8 vault guards
  2 slime creatures (Vaults:2)
  Harold (D:10)
  3 ice dragons
  An alligator snapping turtle (Shoals:1)
  A tengu warrior (D:13)
  4 merfolk avatars
  6 hydras
  Erolcha (D:10)
  3 ogre magi
  2 centaur warriors
  5 merfolk aquamancers
  7 death yaks
  2 satyrs
  A queen ant (D:10)
  An orc high priest (Orc:4)
  A shadow wraith (Vaults:1)
  Sonja (D:10)
  Nergalle (D:10)
  A deep elf knight (Vaults:1)
  A thrashing horror (Abyss:1)
  A wretched star (Abyss:1)
  A spatial maelstrom (Abyss:1)
  An ice devil (Vaults:3)
  4 sea snakes
  A giant orange brain (Vaults:2)
  A wizard (Vaults:1)
  An ice statue (IceCv)
  A tengu zombie (Vaults:1)
  2 deep elf conjurers
  2 hill giants
  2 unseen horrors
  12 ironbrand convokers
  9 harpies
  A harpy (shapeshifter) (D:13)
  A lindwurm (Lair:8)
  7 orc knights
  7 water nymphs
  2 hornets (Lair:8)
  12 fauns
  3 orc sorcerers
  13 griffons
  2 wolf spiders
  An ugly thing (D:11)
  2 fire giant zombies (Abyss:1)
  8 cyclopes
  13 elephants
  A worldbinder (Abyss:1)
  11 manticores
  7 sirens
  A centaur zombie (D:12)
  A guardian serpent (Lair:8)
  4 molten gargoyles (Volcano)
  A drowned soul (Shoals:1)
  A sixfirhy (Abyss:1)
  Joseph (D:8)
  8 vault sentinels
  19 spiny frogs
  6 torpor snails
  11 yaktaurs
  2 smoke demons (Abyss:1)
  A kobold demonologist (Vaults:2)
  9 black mambas
  2 komodo dragons
  4 fire drakes
  A freezing wraith (Vaults:2)
  4 large abominations (Abyss:1)
  A red devil (Abyss:1)
  2 trolls
  33 merfolk
  2 ancient zymes (Abyss:1)
  2 giant leeches (Lair:8)
  A blue devil (Abyss:1)
  18 polar bears
  6 two-headed ogres
  2 deep elf priests
  A wind drake (Shoals:4)
  A jumping spider (shapeshifter) (Vaults:2)
  26 blink frogs
  2 fire vortices (Volcano)
  Prince Ribbit (D:6)
  2 boulder beetles (Lair:8)
  5 raiju (Abyss:1)
  A raven (D:13)
  An ice dragon skeleton (Abyss:1)
  2 wraiths
  Sigmund (D:6)
  4 wyverns
  5 fire elementals (Volcano)
  14 water elementals
  A vampire (D:13)
  49 yaks
  2 shadows
  12 hippogriffs
  2 humans
  2 deep elf magi
  A steam dragon (Lair:3)
  A hog (shapeshifter) (Vaults:1)
  3 deep elf fighters
  9 snapping turtles
  Grum (D:10)
  A hungry ghost (D:7)
  A basilisk (Lair:1)
  2 neqoxecs (Abyss:1)
  7 soldier ants (D:10)
  2 spatial vortices (Abyss:1)
  17 vampire mosquitoes
  44 wolves
  8 wargs
  9 porcupines
  25 water moccasins
  41 orc warriors
  7 wasps (Lair:8)
  4 sky beasts
  A phantom (D:11)
  3 ice beasts
  3 spiders (Lair:8)
  A necrophage (D:10)
  A sky beast (shapeshifter) (Vaults:2)
  An eye of draining (D:13)
  14 crocodiles
  15 centaurs
  5 boggarts
  A human skeleton (Vaults:1)
  17 ogres
  5 brain worms
  The ghost of EvolOfOrg the Magician, an average SpCj (D:3)
  2 big kobolds (D:10)
  2 scorpions
  15 giant frogs
  7 small abominations (Abyss:1)
  A spriggan zombie (Abyss:1)
  3 electric eels
  4 wights
  3 giant frog zombies
  5 crimson imps
  5 centaur skeletons
  4 giant frog skeletons
  An iron imp (Abyss:1)
  30 orc priests
  8 hounds
  3 jellies
  6 iguanas
  An elf skeleton (Vaults:1)
  39 worker ants
  44 orc wizards
  20 sheep
  Robin (D:3)
  A hound skeleton (D:8)
  7 gnolls
  75 river rats
  15 adders
  7 shadow imps
  13 white imps
  2 ufetubi
  An adder zombie (D:7)
  An ooze (D:4)
  An adder skeleton (D:4)
  21 worms
  162 orcs
  4 ball pythons
  2 bat skeletons
  9 giant cockroaches
  17 goblins
  21 hobgoblins
  7 jackals (D:3)
  4 quokkas
  21 bats
  5 giant newts
  A jackal skeleton (D:7)
  17 kobolds
  A quokka zombie (D:6)
  16 rats
  A fungus (D:1)
  4 plants
1393 creatures vanquished.

Vanquished Creatures (collateral kills)
  Ilsuiw (Shoals:4)
  Nessos (Lair:8)
  2 merfolk javelineers (Shoals:4)
  4 merfolk impalers (Shoals:4)
  2 griffons
  A water nymph (Shoals:1)
  A manticore (Shoals:4)
  A yaktaur (Vaults:1)
  A merfolk (Shoals:2)
  A snapping turtle (Shoals:4)
  2 water elementals (Shoals:4)
  An orc warrior (Vaults:1)
  An orc priest (Orc:2)
  A goblin (Orc:2)
20 creatures vanquished.

Vanquished Creatures (others)
  A stone giant (Orc:2)
  2 merfolk avatars (Shoals:1)
  A merfolk aquamancer (Shoals:4)
  A death yak (Lair:8)
  A tengu warrior (D:13)
  An unseen horror (D:13)
  A hill giant (D:13)
  A wolf spider zombie (D:12)
  2 ugly things
  A necromancer (Vaults:1)
  A wolf spider (Lair:8)
  A hornet (shapeshifter) (D:13)
  An orc knight (Orc:4)
  6 drowned souls (Shoals:1)
  A spiny frog (Lair:8)
  A siren (Shoals:4)
  A polar bear (IceCv)
  A fire drake (shapeshifter) (Shoals:4)
  A dancing weapon (Shoals:4)
  A fire vortex (Volcano)
  3 trolls
  4 humans (Shoals:4)
  2 orc warriors (Orc:4)
  3 earth elementals
  2 spiders (Lair:8)
  A crocodile (Lair:8)
  2 wights (Shoals:4)
  An adder (Lair:8)
  A kobold (Shoals:4)
  9 fungi
  7 plants
62 creatures vanquished.

Grand Total: 1475 creatures vanquished

Notes
Turn   | Place    | Note
--------------------------------------------------------------
     0 | D:1      | tesudzi the Demonspawn Gladiator began the quest for the Orb.
     0 | D:1      | Reached XP level 1. HP: 16/16 MP: 1/1
   241 | D:1      | Reached skill level 3 in Staves
   280 | D:1      | Gained mutation: When hurt, damage is shared between your health and your magic reserves. [demonic ancestry]
   280 | D:1      | Reached XP level 2. HP: 20/22 MP: 2/2
   646 | D:2      | Noticed Terence
   954 | D:2      | Found a burning altar of Makhleb.
  1306 | D:3      | Reached XP level 3. HP: 19/27 MP: 3/3
  1392 | D:3      | Found an iron altar of Okawaru.
  1392 | D:3      | Found a sacrificial altar of Ru.
  1424 | D:3      | Found a blossoming altar of Fedhas.
  1434 | D:3      | Reached skill level 4 in Staves
  1485 | D:3      | Gained mutation: You can steal the life force of nearby defeated enemies. [demonic ancestry]
  1485 | D:3      | Reached XP level 4. HP: 15/33 MP: 2/4
  1580 | D:3      | Noticed EvolOfOrg's ghost (average SpCj)
  1600 | D:3      | Killed EvolOfOrg's ghost
  1600 | D:3      | Reached skill level 5 in Staves
  1600 | D:3      | Gained mutation: You can steal the life force of defeated enemies. [demonic ancestry]
  1600 | D:3      | Reached XP level 5. HP: 19/38 MP: 1/5
  1744 | D:3      | Noticed Robin
  1760 | D:3      | Killed Robin
  2410 | D:4      | Reached skill level 6 in Staves
  2565 | D:4      | Gained mutation: You have a pair of small horns on your head. [demonic ancestry]
  2565 | D:4      | Reached XP level 6. HP: 35/44 MP: 6/6
  2980 | D:4      | Noticed an ogre
  2991 | D:4      | Killed an ogre
  2991 | D:4      | Reached skill level 7 in Staves
  2995 | D:4      | Gained mutation: You are partially covered in iridescent scales (AC +4). [demonic ancestry]
  2995 | D:4      | Reached XP level 7. HP: 46/50 MP: 5/7
  3200 | D:5      | Entered Level 5 of the Dungeon
  3674 | D:5      | Reached skill level 8 in Staves
  3730 | D:5      | You fall through a shaft!
  3925 | D:5      | Reached skill level 9 in Staves
  3925 | D:5      | Gained mutation: You are mostly covered in iridescent scales (AC +6). [demonic ancestry]
  3925 | D:5      | Reached XP level 8. HP: 24/56 MP: 4/8
  4499 | D:6      | Noticed Sigmund
  4520 | D:6      | Killed Sigmund
  4520 | D:6      | Reached skill level 10 in Staves
  4709 | D:6      | Noticed Prince Ribbit
  4750 | D:6      | Killed Prince Ribbit
  4841 | D:6      | Found a shimmering altar of Xom.
  5026 | D:7      | Gained mutation: Your magical and physical power is slightly enhanced at high health. [demonic ancestry]
  5026 | D:7      | Reached XP level 9. HP: 65/65 MP: 9/9
  5164 | D:7      | Reached skill level 5 in Fighting
  5220 | D:7      | Reached skill level 5 in Dodging
  5268 | D:7      | Found a staircase to the Ecumenical Temple.
  5299 | Temple   | Entered the Ecumenical Temple
  5322 | Temple   | Became a worshipper of Trog the Wrathful
  5399 | D:7      | Found a radiant altar of Vehumet.
  5850 | D:8      | Noticed Joseph
  5867 | D:8      | Killed Joseph
  6496 | D:9      | Acquired Trog's first power
  6539 | D:9      | Gained mutation: You have a pair of horns on your head. [demonic ancestry]
  6539 | D:9      | Reached XP level 10. HP: 68/79 MP: 8/10
  6816 | D:9      | Found an opulent altar of Gozag.
  6931 | D:9      | Found a glowing silver altar of Zin.
  7059 | D:10     | Entered Level 10 of the Dungeon
  7082 | D:10     | Acquired Trog's second power
  7132 | D:10     | Noticed Sonja
  7152 | D:10     | Killed Sonja
  7483 | D:10     | Found Haostix's Antique Armour Boutique.
  7523 | D:10     | Bought a bloodstained ring mail for 207 gold pieces
  7537 | D:10     | Identified the +4 ring mail "Nuschutt" {*Corrode rN++} (You bought it in a shop on level 10 of the Dungeon)
  7586 | D:10     | Noticed Grum
  7589 | D:10     | Noticed Harold
  7613 | D:10     | Reached skill level 1 in Armour
  7626 | D:10     | Killed Grum
  7629 | D:10     | Found a staircase to the Lair.
  7683 | Lair:1   | Entered Level 1 of the Lair of Beasts
  7702 | Lair:1   | Noticed a black mamba
  7739 | Lair:1   | Found a frozen archway.
  7748 | Lair:1   | Killed a black mamba
  7802 | IceCv    | Entered an ice cave
  7809 | IceCv    | Reached XP level 11. HP: 87/89 MP: 11/11
  7894 | IceCv    | Noticed an ice statue
  7910 | IceCv    | Killed an ice statue
  7915 | IceCv    | Got a scorched mace
  7916 | IceCv    | Identified the +4 mace "Geaxybam" {elec, rN++ MR- MP+9 Int+4} (You found it in an ice cave)
  7985 | IceCv    | Acquired Trog's third power
  8027 | IceCv    | Reached skill level 10 in Fighting
  8128 | IceCv    | Reached skill level 5 in Armour
  8171 | IceCv    | Noticed a death yak
  8197 | IceCv    | Killed a death yak
  8202 | IceCv    | Reached skill level 10 in Dodging
  8254 | IceCv    | Gained mutation: You have a pair of large horns on your head. [demonic ancestry]
  8254 | IceCv    | Reached XP level 12. HP: 98/98 MP: 12/12
  8279 | IceCv    | Noticed a frost giant
  8310 | IceCv    | Killed a frost giant
  8459 | IceCv    | Reached skill level 1 in Evocations
  8713 | Lair:1   | Noticed a four-headed hydra
  8724 | Lair:1   | Killed a four-headed hydra
  8764 | Lair:1   | Noticed an oklob plant
  8842 | Lair:1   | Reached skill level 5 in Throwing
  8850 | Lair:1   | Reached skill level 11 in Staves
 10061 | Lair:2   | Received a gift from Trog
 10145 | Lair:2   | Noticed an eight-headed hydra
 10168 | Lair:2   | Killed an eight-headed hydra
 10172 | Lair:2   | Reached skill level 12 in Staves
 10213 | Lair:2   | Noticed a five-headed hydra
 10224 | Lair:2   | Killed a five-headed hydra
 10480 | Lair:3   | Found a dark tunnel.
 10486 | Lair:3   | Reached XP level 13. HP: 101/104 MP: 13/16
 10514 | Volcano  | Entered a volcano
 10878 | Volcano  | Reached skill level 13 in Staves
 11158 | Lair:3   | Found a staircase to the Shoals.
 11382 | Lair:3   | Noticed a seven-headed hydra
 11388 | Lair:3   | Killed a seven-headed hydra
 11444 | Lair:3   | Received a gift from Trog
 11586 | Lair:3   | Found a hole to the Spider Nest.
 11900 | Lair:4   | Received a gift from Trog
 12643 | Lair:5   | Reached skill level 14 in Staves
 12909 | Lair:5   | Received a gift from Trog
 14012 | Lair:7   | Gained mutation: You regenerate magic rapidly. [demonic ancestry]
 14012 | Lair:7   | Reached XP level 14. HP: 86/113 MP: 11/17
 14107 | Lair:7   | Received a gift from Trog
 14734 | Lair:8   | Entered Level 8 of the Lair of Beasts
 14997 | Lair:8   | Found a staircase to the Slime Pits.
 14998 | Lair:8   | Found a viscous altar of Jiyva.
 15049 | Lair:8   | Received a gift from Trog
 15312 | Lair:8   | Noticed Nessos
 15341 | Lair:8   | Killed Nessos
 15568 | Lair:8   | Reached skill level 15 in Staves
 15961 | Lair:8   | Received a gift from Trog
 16129 | Lair:8   | Found a runed door.
 16933 | D:10     | Killed Harold
 16933 | D:10     | Reached skill level 5 in Evocations
 17006 | D:10     | Received a gift from Trog
 17062 | D:10     | Noticed Erolcha
 17082 | D:10     | Killed Erolcha
 17142 | D:10     | Noticed a queen ant
 17154 | D:10     | Reached XP level 15. HP: 119/119 MP: 18/18
 17173 | D:10     | Killed a queen ant
 17302 | D:10     | Noticed Nergalle
 17317 | D:10     | Killed Nergalle
 17746 | D:11     | Found a staircase to the Orcish Mines.
 17758 | Orc:1    | Entered Level 1 of the Orcish Mines
 17819 | Orc:1    | Received a gift from Trog
 18671 | Orc:2    | Found a roughly hewn altar of Beogh.
 18817 | Orc:3    | Received a gift from Trog
 19260 | Orc:3    | Received a gift from Trog
 19279 | Orc:3    | Found Tiasmacw's Assorted Antiques.
 19484 | Orc:4    | Entered Level 4 of the Orcish Mines
 19600 | Orc:4    | Found a roughly hewn altar of Beogh.
 19750 | Orc:4    | Found Jaguneemp's General Store.
 19928 | Orc:4    | Found a staircase to the Elven Halls.
 20028 | Orc:4    | Received a gift from Trog
 20078 | Orc:4    | Found Weloapuf's Antique Weapon Shoppe.
 20117 | Orc:4    | Found Hiakahuxke's Antique Armour Shoppe.
 20124 | Orc:4    | Bought a pair of embroidered boots for 108 gold pieces
 20129 | Orc:4    | Bought an encrusted ring mail for 216 gold pieces
 20139 | Orc:4    | Identified the +1 ring mail "Teku" {Dex+4 SInv} (You bought it in a shop on level 4 of the Orcish Mines)
 20159 | Orc:4    | Bought a runed cloak for 108 gold pieces
 20183 | Orc:4    | Found Guopyot's Jewellery Shoppe.
 20987 | D:12     | Gained mutation: You evolve. [potion of beneficial mutation]
 21766 | D:12     | Found a sacrificial altar of Ru.
 21878 | D:12     | Reached skill level 16 in Staves
 22325 | D:13     | Found a gate to the Vaults.
 22653 | Shoals:1 | Entered Level 1 of the Shoals
 22653 | Shoals:1 | Found Veum's Magic Scroll Boutique.
 22746 | Shoals:1 | Received a gift from Trog
 23188 | Shoals:1 | Gained mutation: Your magical and physical power is enhanced at high health. [demonic ancestry]
 23188 | Shoals:1 | Reached XP level 16. HP: 117/129 MP: 19/21
 23989 | Shoals:1 | Received a gift from Trog
 23990 | Shoals:1 | Found an ancient bone altar of Kikubaaqudgha.
 24281 | Shoals:2 | Received a gift from Trog
 25019 | Orc:3    | Bought a glowing lajatang for 450 gold pieces
 25518 | Shoals:3 | Received a gift from Trog
 25525 | Shoals:3 | Got a slimy quarterstaff {god gift}
 25526 | Shoals:3 | Identified the +6 quarterstaff of Eternal Night {drain, rElec rC+} (Trog gifted it to you on level 3 of the Shoals)
 25884 | Shoals:4 | Entered Level 4 of the Shoals
 26051 | Shoals:4 | Noticed Ilsuiw
 26281 | Shoals:4 | Killed Ilsuiw
 26386 | Shoals:4 | Noticed Kirke
 26395 | Shoals:4 | Killed Kirke
 26395 | Shoals:4 | Reached skill level 15 in Fighting
 26473 | Shoals:4 | Received a gift from Trog
 26512 | Shoals:4 | Identified a +4 rod of inaccuracy (12/12) (You found it on level 4 of the Shoals)
 26558 | Shoals:4 | Identified a +5 rod of shadows (12/12) (You found it on level 4 of the Shoals)
 26625 | Shoals:4 | Gained mutation: When low on magic, you restore magic in place of health. [demonic ancestry]
 26625 | Shoals:4 | Reached XP level 17. HP: 103/142 MP: 6/22
 26719 | Shoals:4 | Got a barnacled rune of Zot
 26811 | Shoals:4 | HP: 3/142 [merfolk javelineer/silver javelin (14)]
 27005 | Shoals:1 | Bought a scroll of identify for 36 gold pieces
 27005 | Shoals:1 | Bought 3 scrolls of blinking for 405 gold pieces
 27070 | Lair:1   | Identified a +0 rod of the swarm (14/14) (You found it on level 12 of the Dungeon)
 27071 | Lair:1   | Identified a +0 rod of clouds (10/10) (You found it on level 11 of the Dungeon)
 27208 | Vaults:1 | Entered Level 1 of the Vaults
 27229 | Vaults:1 | Received a gift from Trog
 27692 | Vaults:1 | Received a gift from Trog
 27826 | Vaults:1 | Received a gift from Trog
 27866 | Vaults:1 | Noticed Aizul
 27878 | Vaults:1 | Killed Aizul
 28172 | Vaults:1 | Reached skill level 10 in Throwing
 28284 | Vaults:1 | Identified Sif Muna's Reference Book on Malediction
 28451 | Vaults:2 | Noticed Raurakos's ghost (mighty VSMo)
 28471 | Vaults:2 | Killed Raurakos's ghost
 28471 | Vaults:2 | Reached skill level 10 in Evocations
 28533 | Vaults:2 | Noticed Frederick
 28546 | Vaults:2 | Killed Frederick
 28600 | Vaults:2 | Found a staircase to the Crypt.
 28600 | Vaults:2 | Found an ancient bone altar of Kikubaaqudgha.
 28612 | Vaults:2 | Found a basalt altar of Yredelemnul.
 28769 | Vaults:2 | Received a gift from Trog
 28774 | Vaults:2 | Reached skill level 10 in Armour
 28848 | Vaults:2 | Gained mutation: You can spit weak poison. [evolution]
 28848 | Vaults:2 | Lost mutation: You evolve. [end of evolution]
 28897 | Vaults:2 | Received a gift from Trog
 28940 | Vaults:2 | Found Viosm's Antique Weapon Shop.
 29193 | Vaults:2 | Reached XP level 18. HP: 93/153 MP: 21/25
 29591 | Vaults:3 | Cast into the Abyss (a deep elf sorcerer)
 29688 | Abyss:1  | Reached skill level 17 in Fighting
 29844 | Abyss:1  | Noticed a profane servitor
 29854 | Abyss:1  | Killed a profane servitor
 29928 | Abyss:1  | Gained mutation: Your body sometimes deteriorates upon taking damage. [a neqoxec]
 29995 | Abyss:1  | Gained mutation: You are weak. (Str -2) [a cacodemon]
 29997 | Abyss:1  | Gained mutation: You expend magic power (3 MP) to strengthen your wands. [a cacodemon]
 30031 | Abyss:1  | Noticed a lich
 30040 | Abyss:1  | HP: 3/155 [Ice Fiend[a lich] (9)]
 30040 | Abyss:1  | Demolished by an Ice Fiend

Vault maps used:
D:1:      dpeg_arrival_stonehenge_8_columns, minmay_gold_behind_fungi
D:2:      bloody_makhleb, uniq_terence
D:3:      gammafunk_temple_overflow_wave, fedhas_altar_3, uniq_robin
D:4:      first_bread
D:5:      portal_sewer_entry_e
D:6:      tgw_xom, uniq_sigmund, uniq_prince_ribbit1
D:7:      kennysheep_mini, minmay_temple_entry_trees, grunt_livestock
D:8:      uniq_joseph
D:9:      kennysheep_mini_moat, basic_altar
D:10:     lair_0_dummy, serial_shops, nicolae_shop_trees, zaba_antful_of_joy,
          uniq_harold, uniq_nergalle, uniq_erolcha, uniq_grum, uniq_sonja
D:11:     orc_0_dummy, minivault_25_ag
D:12:     nicolae_ru_the_path_less_chosen
D:13:     lightli_vaults_fourway_checkpoint
Temple:   circular_temple_13
Lair:1:   portal_ice_cave_entry_imps, serial_bayou_lagoon_a,
          minmay_lair_oklob_bushes, grunt_megastairs_3, serial_bayou_shore_a
Lair:2:   infiniplex_staircase_pool, serial_bayou_shore_b, lemuel_fruit_fields
Lair:3:   statuecave_lemuel, minmay_shoals_entry_beasts,
          nicolae_spider_entry_non_spiders, enter_volcano_1
Lair:4:   lemuel_fruit_tree
Lair:7:   serial_bayou_shore_b, grunt_megastairs_2
Lair:8:   hangedman_lair_tendril_chambers, wormcave, slime_altar_1,
          st_stairs_10, uniq_nessos
Shoals:1: serial_shops, shop_fountains, lemuel_centaur_altar
Shoals:4: shoals_end_simple, shoal_ilsuiw, nicolae_shoals_mertower, uniq_kirke
Orc:1:    nicolae_orc_accident_1
Orc:2:    basic_altar
Orc:3:    serial_shops, shop, nicolae_orc_pool_cavern
Orc:4:    grunt_orc_cross
Vaults:1: v_misc_5, vaults_room_grunt_arrival_ludios, vaults_room_large_hall,
          nicolae_vaults_ring_of_whatevers, v_misc_3, v_misc_27,
          ontoclasm_vaults_ligature, nicolae_vaults_circle_grid_a,
          nicolae_vaults_little_squares_3, uniq_aizul
Vaults:2: vaults_room_door_hall, v_misc_22, nicolae_vaults_little_squares_4,
          v_pattern_5, nicolae_vaults_an_arrangement,
          minmay_crypt_entry_necro_gods, vaults_room_corners,
          grunt_vaults_twisty, v_misc_1, v_misc_11, serial_shops,
          nicolae_shop_window_shopping, uniq_frederick
Vaults:3: vaults_room_corners, nicolae_vaults_little_squares_1, v_misc_5,
          vaults_room_door_hall, nicolae_vaults_yaktaur_gun_rack,
          nicolae_vaults_shelves_hall, serial_shops, shop_scrolls
IceCv:    ice_cave_caverns_02
Volcano:  volcano_aerie

Action                   |  1- 3 |  4- 6 |  7- 9 | 10-12 | 13-15 | 16-18 || total
-------------------------+-------+-------+-------+-------+-------+-------++-------
Melee: Quarterstaff      |   118 |   153 |   422 |   712 |  1408 |   324 ||  3137
       Lajatang          |       |       |       |       |   354 |   801 ||  1155
       Demon trident     |       |       |       |       |    12 |       ||    12
 Fire: Blowgun           |       |     5 |     3 |     7 |     3 |       ||    18
Throw: Throwing net      |       |     1 |       |       |       |       ||     1
       Javelin           |       |       |       |    10 |    23 |    15 ||    48
       Tomahawk          |       |       |       |     2 |    23 |    21 ||    46
Invok: Burn Spellbooks   |       |       |       |     1 |     6 |     5 ||    12
       Berserk           |       |       |       |     1 |     3 |       ||     4
       Trog's Hand       |       |       |       |       |     3 |     4 ||     7
       Brothers in Arms  |       |       |       |       |     2 |     7 ||     9
Evoke: Deck              |       |       |       |     3 |     3 |     3 ||     9
       Wand              |       |       |       |     3 |     6 |     1 ||    10
       Phantom mirror    |       |       |       |     1 |       |       ||     1
       Lamp of fire      |       |       |       |       |     3 |     2 ||     5
       Stone of tremors  |       |       |       |       |     1 |     3 ||     4
       Rod               |       |       |       |       |       |    11 ||    11
  Use: Potion            |       |     2 |     1 |     1 |     7 |    12 ||    23
       Scroll            |       |       |     5 |    17 |    15 |     8 ||    45
 Stab: Sleeping          |       |       |     1 |       |       |       ||     1
       Distracted        |       |       |       |       |     2 |     2 ||     4
       Invisible         |       |       |       |       |       |     3 ||     3
  Eat: Chunk             |     2 |     4 |     1 |       |     7 |    16 ||    30
       Meat ration       |       |       |     1 |       |       |     1 ||     2
       Bread ration      |       |       |     3 |     5 |     6 |       ||    14
       Beef jerky        |       |       |       |       |     2 |       ||     2
       Fruit             |       |       |       |       |     9 |     8 ||    17
       Pizza             |       |       |       |       |       |     1 ||     1
